 Dungeon Crawl Stone Soup version 0.29.1-1-gd02db6906a (console) character file.

Game seed: 9464741286401673654

94 om the Poker (level 4, 0/37 HPs)
             Began as a Merfolk Berserker on Oct 11, 2022.
             Was a Believer of Trog.
             Slain by a gnoll
             ... wielding a +0 spear
              (2 damage)
             ... on level 2 of the Dungeon.
             The game lasted 00:02:42 (2032 turns).

om the Poker (Merfolk Berserker)                    Turns: 2032, Time: 00:02:42

Health: 0/37       AC:  2    Str: 19    XL:     4   Next: 63%
Magic:  4/4        EV: 13    Int:  6    God:    Trog [**....]
Gold:   69         SH:  0    Dex: 13    Spells: 3/3 levels left

rFire   . . .      SeeInvis .   a - +0 spear
rCold   + . .      Faith    .   (no shield)
rNeg    . . .      Spirit   .   b - +0 animal skin
rPois   .          Reflect  .   (no helmet)
rElec   .          Harm     .   (no cloak)
rCorr   .          Rampage  .   (no gloves)
Will    .....                   (no boots)
Stlth   +.........              (no amulet)
HPRegen 0.12/turn               c - ring of protection from cold
MPRegen 0.09/turn               (no ring)

@: on berserk cooldown, slowed, very slow
A: (nimble swimmer 2), mertail
a: Renounce Religion, Berserk, Trog's Hand


You were on level 2 of the Dungeon.
You worshipped Trog.
Trog was pleased with you.
You visited 1 branch of the dungeon, and saw 2 of its levels.

You collected 69 gold pieces.

Inventory:

Hand Weapons
 a - a +0 spear (weapon)
Armour
 b - a +0 animal skin (worn)
Jewellery
 c - a ring of protection from cold (left hand)
Scrolls
 e - a scroll of immolation
 f - a scroll of torment {unknown}
 h - a scroll of noise {unknown}
Potions
 d - a potion of ambrosia {unknown}
 g - a potion of flight {unknown}


   Skills:
 + Level 3.9 Fighting
 * Level 5.3 Polearms
 + Level 2.0 Armour
 + Level 3.6 Dodging


You had 3 spell levels left.
You didn't know any spells.
Your spell library was empty.

Dungeon Overview and Level Annotations

Branches:
Dungeon (2/15)

Altars:


Innate Abilities, Weirdness & Mutations

((You are very nimble when in or above water. (Stealth+, EV+, Speed+++)))
Your lower body shifts to a powerful aquatic tail in water.


Message History

Things that are here:
a throwing net; a +0 spear; a gnoll corpse You feel a strong urge to attack something.
The gnoll throws a throwing net.
The throwing net barely misses you.
You see here a throwing net.
You reach to attack!
You hit the gnoll.
The gnoll is moderately wounded.
You are no longer berserk.
You are exhausted.
You feel yourself slow down. The gnoll closely misses you.
You hit the gnoll but do no damage.
The gnoll is moderately wounded.
The gnoll hits you with a +0 spear!
You completely miss the gnoll.
The gnoll is moderately wounded.
The gnoll completely misses you.
You hit the gnoll but do no damage.
The gnoll is moderately wounded.
The gnoll barely misses you. The gnoll hits you with a +0 spear.
You hit the gnoll.
The gnoll is severely wounded.
The gnoll hits you with a +0 spear.
You barely miss the gnoll.
The gnoll is severely wounded.
The gnoll barely misses you.
You hit the gnoll but do no damage.
The gnoll is severely wounded.
The gnoll barely misses you.
You hit the gnoll.
The gnoll is severely wounded.
The gnoll hits you with a +0 spear. x2
* * * LOW HITPOINT WARNING * * *
You barely miss the gnoll.
The gnoll is severely wounded.
The gnoll hits you with a +0 spear!
* * * LOW HITPOINT WARNING * * *
You hit the gnoll.
The gnoll is almost dead.
The gnoll hits you with a +0 spear.
You die...

.............................
.............................
...............##............
...........#'#...............
...........#)#...########....
.........#.#.#...............
...#####....(+...........
..........#(#...####....
..........@#...........
...........g.............
...#........####.........
#......................#.
#............####......#
................####........
.....).............#........
...........).......#........
...................#####...


You could see a gnoll.

Vanquished Creatures
  2 adders (D:2)
  3 gnolls
  2 dart slugs (D:1)
  6 bats
  7 endoplasms
  4 goblins
  5 hobgoblins
  A kobold (D:1)
  3 quokkas (D:1)
  A ball python (D:1)
  5 frilled lizards
  A rat (D:2)
40 creatures vanquished.

Vanquished Creatures (others)
  5 plants (D:2)
5 creatures vanquished.

Grand Total: 45 creatures vanquished

Notes
Turn   | Place    | Note
-------+----------+-------------------------------------------
     0 | D:1      | om the Merfolk Berserker began the quest for the Orb.
     0 | D:1      | Reached XP level 1. HP: 18/18 MP: 1/1
   400 | D:1      | Reached XP level 2. HP: 17/24 MP: 2/2
   741 | D:1      | Reached XP level 3. HP: 29/29 MP: 3/3
   864 | D:1      | Found a faded altar of an unknown god.
   864 | D:1      | Noticed an eye of devastation
   869 | D:1      | Noticed a great orb of eyes
   869 | D:1      | Noticed an eye of devastation
   869 | D:1      | Noticed a golden eye
  1669 | D:2      | Reached skill level 5 in Polearms
  1669 | D:2      | Reached XP level 4. HP: 18/37 MP: 4/4
  2019 | D:2      | Reached ** piety under Trog
  2032 | D:2      | Slain by a gnoll

Illustrated notes

Levels and vault maps discovered:
D:1:      dpeg_arrival_arbitrary_c, layout_rooms,
          hellmonk_ecumenical_altar_watching_god, dk_noncrumbling_3
D:2:      layout_basic, nicolae_grassy_gnolls

Skill      XL: |  1  2  3  4 |
---------------+-------------+-----
Dodging        | 3 |  3.6
Polearms       | 5 |  5.3
Armour         | 2 |  2.0
Fighting       | |  3.9

Action                   |  1- 3 |  4- 6 || total
-------------------------+-------+-------++-------
Melee: Spear             |   114 |    26 ||   140
Invok: Berserk           |     1 |     2 ||     3
  Use: Scroll            |     2 |       ||     2
 Stab: Sleeping          |     3 |       ||     3
Armor: Animal skin       |    13 |     2 ||    15
Dodge: Dodged            |    60 |    12 ||    72
